 Dungeon Crawl Stone Soup version 0.17.1-2-g5865329 (webtiles) character file.

26 Grim the Charmwright (level 3, -2/27 HPs)
             Began as a Merfolk Skald on Jan 18, 2016.
             Slain by a gnoll
             ... wielding a +0 spear
              (4 damage)
             ... on level 2 of the Dungeon.
             The game lasted 00:02:55 (1640 turns).

Grim the Charmwright (Merfolk Skald)                Turns: 1640, Time: 00:02:55

Health: -2/27      AC:  4    Str: 12    XL:     3   Next: 8%
Magic:  4/6        EV: 11    Int: 12    God:
Gold:   58         SH:  0    Dex: 13    Spells: 1 memorised, 5 levels left

rFire  . . .     SeeInvis .     a - +0 spear
rCold  . . .     Clarity  .     l - +0 leather armour (curse)
rNeg   . . .     SustAt   .     (no shield)
rPois  .         Gourm    .     k - +0 helmet
rElec  .         Spirit   .     (no cloak)
rCorr  .         Warding  .     (no gloves)
rMut   .         Stasis   .     (no boots)
MR     .....                    (no amulet)
Stlth  +.........               (no ring)
                                (no ring)

@: infused, not resistant to hostile enchantments, very unstealthy
A: change form in water, swift swim
a: no special abilities


You were on level 2 of the Dungeon.
You were not hungry.

You visited 1 branch of the dungeon, and saw 2 of its levels.

You collected 58 gold pieces.

Inventory:

Hand Weapons
 a - a +0 spear (weapon)
Armour
 b - a +0 leather armour
 k - a +0 helmet (worn)
 l - a cursed +0 leather armour (worn)
Scrolls
 e - a scroll of identify {unknown}
 g - 2 scrolls of magic mapping
 h - a scroll of teleportation {unknown}
Potions
 f - a potion of invisibility {unknown}
 i - a potion of flight {unknown}
 j - a potion of curing {unknown}
 n - a potion of degeneration {unknown}
Books
 c - a book of Battle

   Spells                             Type                      Level
   a - Infusion                       Charms                       1
   b - Shroud of Golubria             Charms/Translocation         2
   c - Song of Slaying                Charms                       2
   d - Spectral Weapon                Hexes/Charms                 3
   e - Regeneration                   Charms/Necromancy            3
Comestibles
 d - 2 bread rations
 m - a meat ration


   Skills:
 - Level 2.1 Fighting
 + Level 3.9 Polearms
 - Level 0.6 Armour
 - Level 1.3 Dodging
 - Level 2.0 Spellcasting
 * Level 4.1 Charms


You had 5 spell levels left.
You knew the following spells:

 Your Spells              Type           Power        Failure   Level  Hunger
a - Infusion              Chrm           ##....       8%          1    ##.....


Dungeon Overview and Level Annotations

Branches:
Dungeon (2/15)

Altars:


Message History

* * * LOW HITPOINT WARNING * * *
You barely miss the gnoll.
The gnoll is severely wounded.
The gnoll misses you.
You barely miss the gnoll.
The gnoll is severely wounded.
The gnoll closely misses you. 2 jackals come into view.
You closely miss the gnoll.
The gnoll is severely wounded.
The jackal barks! x2
The gnoll hits you with a spear!
* * * LOW HITPOINT WARNING * * *
The jackal moves out of view. x2
A jackal comes into view.
Read which item? (? for menu, Esc to quit)
As you read the scroll labeled NOTEUJ LIOSOI, it crumbles to dust.
You feel aware of your surroundings.
You sensed 1 altar.
It was a scroll of magic mapping.
The gnoll hits you with a spear.
You die...

*,*,,*,*,,*#.#.# #....########...
,,*,,*,*,,*#.#.# ####..# #.<.
,,*,,*,*,,*#.#.## **#..# #...
*,*,,*,*,,*#....###,#..#######...
*,*,,*,*,,###....#.P#............
***,,*,*,,#...#..#.P#..#######...
,,*,,*,*,,#####..#P.#....### #...
***,,*,*,,* #..##.#......####.#
*,,*,*,,*** #.@##*#.#......##.#
*,,*,*,,*,**#.g#**#.###.##.#...
*,,*,*,,*,,*###h,,..**#........
**,*,*,**,,,**,g...............
***,****,,,,,,.......#########
*,****,,***,.......* ***,,,, ****
*,,,**,***,,.h....,***,,,,,, *,,*
**,,**** *,,......,**,,,,,,,
*,,****,,******,,,,,,,,,**,,*****


You could see a gnoll, 2 jackals and a goblin.

Vanquished Creatures
  A giant gecko (D:1)
  3 giant cockroaches
  3 goblins
  3 hobgoblins (D:1)
  A kobold (D:1)
  2 bats (D:1)
  A giant newt (D:1)
  A quokka (D:2)
  12 rats
27 creatures vanquished.

Notes
Turn   | Place    | Note
--------------------------------------------------------------
     0 | D:1      | Grim the Merfolk Skald began the quest for the Orb.
     0 | D:1      | Reached XP level 1. HP: 16/16 MP: 3/3
   257 | D:1      | Reached XP level 2. HP: 19/22 MP: 0/5
   856 | D:1      | Reached skill level 4 in Charms
  1530 | D:2      | Reached XP level 3. HP: 27/27 MP: 3/6
  1640 | D:2      | Slain by a gnoll

Action                   || total
-------------------------++-------
Melee: Spear             ||    98
 Cast: Infusion          ||    14
  Use: Scroll            ||     1
 Stab: Sleeping          ||     1
  Eat: Chunk             ||     3
